Connexion

Heat vs Barracuda

Created - 17 septembre 2023 at 04:13

Goals
1 2 3 OT1 SO T
Heat 2 1 1 0 2 5
Barracuda 0 2 2 0 0 4
Shots
1 2 3 OT1 SO T
Heat 11 17 19 0 2 47
Barracuda 6 10 16 3 2 35

GoalsPenalties
1st period
1. Heat , Egor Sokolov 4 (Tarmo Reunanen 13, John Albert 5) at 2:47
2. Heat , Kyle Criscuolo 9 (Nathan Smith 16, Jesper Lindgren 7) at 14:03
Jesper Lindgren (STO) for Tripping (Minor) at 3:18
Tarmo Reunanen (STO) for Hooking (Minor) at 9:02
Nicolas Meloche (SAN) for Holding (Minor) at 16:28
2nd period
3. Barracuda , Brendan Warren 9 (Bode Wilde 1, Brent Gates 15) at 5:33
4. Barracuda , Julius Bergman 1 (Brendan Warren 13, Alexis D'Aoust 6) at 7:01
5. Heat , Jan Jenik 3 (Jesper Lindgren 8, Tarmo Reunanen 14) at 18:42
Nicolas Meloche (SAN) for Tripping (Minor) at 12:43
Robert Bortuzzo (SAN) for Hooking (Minor) at 16:36
3rd period
6. Barracuda , Trent Frederic 9 (Adam Cracknell 12, Matthew Phillips 10) at 0:39
7. Heat , Tarmo Reunanen 4 (Brinson Pasichnuk 9, Aidan McDonough 12) at 8:05 (PP)
8. Barracuda , Jordy Bellerive 2 (Scott Harrington 16, Fredrik Olofsson 3) at 15:05
Steven Oleksy (STO) for Tripping (Minor) at 2:11
Anatoly Golyshev (SAN) for Interference (Minor) at 7:49
Robert Bortuzzo (SAN) for Hooking (Minor) at 8:14
Egor Sokolov (STO) for High sticking (Minor) at 19:58
Overtime #1
No Goal
Shootout
Heat , Mathieu Joseph - Goal!
Barracuda, Adam Cracknell - Stopped by Matthew Galajda
Heat , Nathan Smith - Goal!
Barracuda, Trent Frederic - Shot Misses the Net
Goalie Stats
Matthew Galajda (STO), 31 saves from 35 shots - (0,886), W, 10-4-0, 65:00 minutes
Ken Appleby (SAN), 43 saves from 47 shots - (0,915), OTL, 10-4-3, 65:00 minutes
3 StarsOfficial
1 - Brendan Warren (SAN)
2 - Tarmo Reunanen (STO)
3 - Julius Bergman (SAN)
Referees : Gord Dwyer and Mike Leggo
Linesman : Brad Lazarowich and Derek Nansen
Game Note
No Game Note
Finance
Level 1 -- Attendance: 1802 (90,10%) -- Ticket Income 63 070 $
Level 2 -- Attendance: 1000 (100,00%) -- Ticket Income 15 000 $
Total Attendance: 2802 (93,40%)
Total Ticket Income: 78 070 $
Other Income: 15 614 $
Total Income: 93 684 $



Team Name Goals Shots Shots Attemp Shots Blocked PIM HIT PP PK FO%
Heat 54798138131 / 5 (20%)051%
Barracuda 435652110250 / 4 (0%)149%

Heat
Player Name POS G A P +/- PIM HIT SHT SB MP PP MP PP SHT PK MP PK SHT FO% FOT
Aidan McDonoughLW0110023019:263:4422:08050% 4
Artur KayumovLW/RW000000106:370:0000:1700% 1
Brett LeasonRW0000011010:260:0000:000100% 1
Brinson PasichnukD0111011121:533:4712:5000% 0
Cole SchneiderLW/RW0000012010:260:0000:0000% 0
Egor SokolovLW/RW101020105:570:0000:590100% 3
Greg McKeggC/LW/RW0000014018:173:4400:00045% 22
Jacob BrysonD000-2004126:424:2524:4900% 0
Jan JenikC/RW1010001010:580:0000:00036% 14
Jesper LindgrenD0220220216:420:0001:5700% 0
John Albert C011000204:590:0000:00063% 8
Kevin GravelD0000000313:250:0000:0000% 0
Kyle CriscuoloC/RW101-1007024:274:2812:0800% 2
Mathieu JosephLW/RW000-1016126:444:2814:43022% 9
Nathan SmithC011-1017026:284:2823:39061% 38
Steven OleksyD000-2232426:494:2503:5400% 0
Tarmo ReunanenD1231203121:243:4722:2200% 0
Tyce ThompsonRW0000002017:183:4410:00075% 4
Barracuda
Player Name POS G A P +/- PIM HIT SHT SB MP PP MP PP SHT PK MP PK SHT FO% FOT
Adam Cracknell C/LW/RW0111012126:013:4905:30050% 46
Alex DostieC/LW0000003012:260:0000:00050% 18
Alexis D'AoustC/RW0112010016:402:0900:000100% 1
Anatoly GolyshevLW/RW000-220005:200:0000:0000% 0
Andrei AltybarmakyanRW0000002110:580:0000:0000% 0
Andy WelinskiD0000010227:373:4803:2900% 0
Bode WildeD0111010314:580:0002:4800% 0
Brendan WarrenC/LW1122014020:212:0902:18043% 28
Brent GatesC/LW0112024019:142:0912:1800% 1
Fredrik OlofssonC/LW011-200106:180:0000:0000% 0
Graham KnottC/LW0000020114:030:0001:10050% 2
Jordy BelleriveC101-200205:210:0000:00050% 6
Julius BergmanD1011021612:160:0000:0600% 0
Matthew PhillipsC/RW0111005218:493:4900:00050% 2
Nicolas MelocheD0000470228:183:4802:3100% 0
Robert BortuzzoD0000431119:582:1012:3200% 0
Scott HarringtonD0110010223:472:1004:5800% 0
Trent FredericC/LW10110310026:163:4935:081100% 2



Play-by-Play

1st period


0:01 of 1st period - Nathan Smith wins face-off versus Adam Cracknell in neutral zone.
0:08 of 1st period - Shot by Nathan Smith.
0:08 of 1st period - Stopped by Ken Appleby without a rebound.
0:09 of 1st period - Greg McKegg wins face-off versus Brendan Warren in Barracuda zone.
0:40 of 1st period - Brent Gates is hit by Brinson Pasichnuk.
0:48 of 1st period - Shot by Brendan Warren.
0:48 of 1st period - Stopped by Matthew Galajda without a rebound.
0:49 of 1st period - Nathan Smith wins face-off versus Adam Cracknell in Heat zone.
0:55 of 1st period - Icing by Nicolas Meloche.
0:56 of 1st period - Adam Cracknell wins face-off versus Jan Jenik in Barracuda zone.
1:26 of 1st period - Cole Schneider is hit by Trent Frederic and loses puck.
1:52 of 1st period - Adam Cracknell is hit by Steven Oleksy and loses puck.
2:24 of 1st period - Off-side.
2:25 of 1st period - John Albert wins face-off versus Jordy Bellerive in neutral zone.
2:43 of 1st period - Shot by John Albert .
2:43 of 1st period - Stopped by Ken Appleby with a rebound.
2:47 of 1st period - Shot by Egor Sokolov.
2:47 of 1st period - Goal by Egor Sokolov - Heat : 1 - Barracuda : 0.
2:48 of 1st period - Alex Dostie wins face-off versus Greg McKegg in neutral zone.
2:48 of 1st period - Graham Knott is hit by Greg McKegg and loses puck.
2:56 of 1st period - Andrei Altybarmakyan is hit by Jesper Lindgren and loses puck.
3:18 of 1st period - Minor Penalty to Jesper Lindgren for Tripping.
3:19 of 1st period - Brendan Warren wins face-off versus Mathieu Joseph in Heat zone.
4:24 of 1st period - Shot by Trent Frederic.
4:24 of 1st period - Stopped by Matthew Galajda with a rebound.
4:31 of 1st period - Shot by Trent Frederic.
4:31 of 1st period - Stopped by Matthew Galajda without a rebound.
4:32 of 1st period - Aidan McDonough wins face-off versus Adam Cracknell in Heat zone.
5:35 of 1st period - Shot by Graham Knott.
5:35 of 1st period - Shot Misses the Net.
5:37 of 1st period - Shot by Julius Bergman.
5:37 of 1st period - Shot Misses the Net.
5:39 of 1st period - Shot by Alex Dostie.
5:39 of 1st period - Stopped by Matthew Galajda with a rebound.
5:43 of 1st period - Shot by Alex Dostie.
5:43 of 1st period - Shot Blocked by Jesper Lindgren.
5:45 of 1st period - Shot by Alex Dostie.
5:45 of 1st period - Shot Misses the Net.
6:20 of 1st period - Shot by Jordy Bellerive.
6:20 of 1st period - Shot Hit the Post.
6:45 of 1st period - Icing by Nathan Smith.
6:46 of 1st period - Nathan Smith wins face-off versus Brendan Warren in Heat zone.
6:55 of 1st period - Shot by Mathieu Joseph.
6:55 of 1st period - Shot Hit the Post.
6:57 of 1st period - Shot by Brinson Pasichnuk.
6:57 of 1st period - Shot Misses the Net.
7:01 of 1st period - Shot by Brinson Pasichnuk.
7:01 of 1st period - Shot Misses the Net.
7:03 of 1st period - Shot by Nathan Smith.
7:03 of 1st period - Shot Misses the Net.
7:09 of 1st period - Shot by Mathieu Joseph.
7:09 of 1st period - Stopped by Ken Appleby without a rebound.
7:10 of 1st period - Tyce Thompson wins face-off versus Adam Cracknell in Barracuda zone.
7:11 of 1st period - Shot by Jacob Bryson.
7:11 of 1st period - Shot Blocked by Robert Bortuzzo.
8:39 of 1st period - Shot by Brent Gates.
8:39 of 1st period - Deflect By Brendan Warren.
8:39 of 1st period - Shot Blocked by Brinson Pasichnuk.
9:01 of 1st period - Shot by Alex Dostie.
9:01 of 1st period - Shot Misses the Net.
9:02 of 1st period - Minor Penalty to Tarmo Reunanen for Hooking.
9:03 of 1st period - Egor Sokolov wins face-off versus Adam Cracknell in Heat zone.
9:13 of 1st period - Off-side.
9:14 of 1st period - Egor Sokolov wins face-off versus Brendan Warren in neutral zone.
9:27 of 1st period - Shot by Brendan Warren.
9:27 of 1st period - Shot Misses the Net.
9:36 of 1st period - Off-side.
9:37 of 1st period - Egor Sokolov wins face-off versus Adam Cracknell in neutral zone.
9:54 of 1st period - Shot by Trent Frederic.
9:54 of 1st period - Stopped by Matthew Galajda without a rebound.
9:55 of 1st period - Adam Cracknell wins face-off versus Mathieu Joseph in Heat zone.
10:38 of 1st period - Icing by Nicolas Meloche.
10:39 of 1st period - Aidan McDonough wins face-off versus Adam Cracknell in Barracuda zone.
10:48 of 1st period - Icing by Matthew Phillips.
10:49 of 1st period - Mathieu Joseph wins face-off versus Adam Cracknell in Barracuda zone.
10:49 of 1st period - Jacob Bryson is hit by Nicolas Meloche and loses puck.
11:19 of 1st period - Icing by Scott Harrington.
11:20 of 1st period - John Albert wins face-off versus Brendan Warren in Barracuda zone.
11:56 of 1st period - Icing by Scott Harrington.
11:57 of 1st period - Nathan Smith wins face-off versus Brendan Warren in Barracuda zone.
12:17 of 1st period - Icing by Brinson Pasichnuk.
12:18 of 1st period - Nathan Smith wins face-off versus Alex Dostie in Heat zone.
12:32 of 1st period - Shot by Kyle Criscuolo.
12:32 of 1st period - Shot Blocked by Julius Bergman.
12:46 of 1st period - Shot by Nathan Smith.
12:46 of 1st period - Stopped by Ken Appleby without a rebound.
12:47 of 1st period - Greg McKegg wins face-off versus Adam Cracknell in Barracuda zone.
12:47 of 1st period - Jacob Bryson is hit by Nicolas Meloche.
12:59 of 1st period - Icing by Jacob Bryson.
13:00 of 1st period - Greg McKegg wins face-off versus Jordy Bellerive in Heat zone.
14:03 of 1st period - Shot by Nathan Smith.
14:03 of 1st period - Deflect By Kyle Criscuolo.
14:03 of 1st period - Goal by Kyle Criscuolo - Heat : 2 - Barracuda : 0.
14:04 of 1st period - Brett Leason wins face-off versus Adam Cracknell in neutral zone.
14:23 of 1st period - Shot by Jan Jenik.
14:23 of 1st period - Shot Misses the Net.
14:25 of 1st period - Shot by Brett Leason.
14:25 of 1st period - Shot Blocked by Matthew Phillips.
14:27 of 1st period - Shot by Brett Leason.
14:27 of 1st period - Shot Blocked by Matthew Phillips.
14:29 of 1st period - Shot by Brett Leason.
14:29 of 1st period - Shot Misses the Net.
14:31 of 1st period - Shot by Brett Leason.
14:31 of 1st period - Shot Blocked by Julius Bergman.
14:33 of 1st period - Shot by Tarmo Reunanen.
14:33 of 1st period - Shot Misses the Net.
14:37 of 1st period - Shot by Cole Schneider.
14:37 of 1st period - Stopped by Ken Appleby without a rebound.
14:38 of 1st period - Nathan Smith wins face-off versus Brendan Warren in Barracuda zone.
15:02 of 1st period - Icing by Scott Harrington.
15:03 of 1st period - Brendan Warren wins face-off versus Greg McKegg in Barracuda zone.
15:15 of 1st period - Icing by Robert Bortuzzo.
15:16 of 1st period - Brendan Warren wins face-off versus John Albert in Barracuda zone.
16:05 of 1st period - Shot by Mathieu Joseph.
16:05 of 1st period - Deflect By Kyle Criscuolo.
16:05 of 1st period - Shot Misses the Net.
16:19 of 1st period - Shot by Jacob Bryson.
16:19 of 1st period - Shot Misses the Net.
16:21 of 1st period - Shot by Nathan Smith.
16:21 of 1st period - Shot Misses the Net.
16:28 of 1st period - Minor Penalty to Nicolas Meloche for Holding.
16:29 of 1st period - Adam Cracknell wins face-off versus Greg McKegg in Barracuda zone.
16:58 of 1st period - Shot by Trent Frederic.
16:58 of 1st period - Stopped by Matthew Galajda without a rebound.
16:59 of 1st period - Nathan Smith wins face-off versus Brendan Warren in Heat zone.
16:59 of 1st period - Nathan Smith is hit by Brent Gates.
17:15 of 1st period - Shot by Mathieu Joseph.
17:15 of 1st period - Deflect By Kyle Criscuolo.
17:15 of 1st period - Shot Blocked by Andy Welinski.
17:31 of 1st period - Shot by Mathieu Joseph.
17:31 of 1st period - Shot Misses the Net.
17:33 of 1st period - Shot by Brinson Pasichnuk.
17:33 of 1st period - Shot Misses the Net.
17:35 of 1st period - Shot by Kyle Criscuolo.
17:35 of 1st period - Stopped by Ken Appleby without a rebound.
17:36 of 1st period - Adam Cracknell wins face-off versus Aidan McDonough in Barracuda zone.
17:45 of 1st period - Shot by Jacob Bryson.
17:45 of 1st period - Stopped by Ken Appleby without a rebound.
17:46 of 1st period - Greg McKegg wins face-off versus Adam Cracknell in Barracuda zone.
18:08 of 1st period - Off-side.
18:09 of 1st period - Nathan Smith wins face-off versus Adam Cracknell in neutral zone.
18:22 of 1st period - Shot by Nathan Smith.
18:22 of 1st period - Stopped by Ken Appleby with a rebound.
18:24 of 1st period - Shot by Kyle Criscuolo.
18:24 of 1st period - Shot Blocked by Scott Harrington.
18:46 of 1st period - Jordy Bellerive is hit by Cole Schneider.
19:15 of 1st period - Andy Welinski is hit by Aidan McDonough and loses puck.
19:30 of 1st period - Shot by Tyce Thompson.
19:30 of 1st period - Deflect By Aidan McDonough.
19:30 of 1st period - Shot Misses the Net.
19:38 of 1st period - Shot by Steven Oleksy.
19:38 of 1st period - Stopped by Ken Appleby without a rebound.
19:39 of 1st period - Adam Cracknell wins face-off versus Kyle Criscuolo in Barracuda zone.
19:39 of 1st period - Matthew Phillips is hit by Mathieu Joseph and loses puck.
Goals for this period are 2 for Heat vs 0 for Barracuda.
Shots for this period are 11 for Heat vs 6 for Barracuda.

2nd period


0:01 of 2nd period - Matthew Phillips wins face-off versus Nathan Smith in neutral zone.
0:04 of 2nd period - Shot by Andy Welinski.
0:04 of 2nd period - Shot Blocked by Mathieu Joseph.
0:06 of 2nd period - Shot by Nicolas Meloche.
0:06 of 2nd period - Deflect By Matthew Phillips.
0:06 of 2nd period - Stopped by Matthew Galajda without a rebound.
0:07 of 2nd period - Adam Cracknell wins face-off versus Nathan Smith in Heat zone.
0:12 of 2nd period - Shot by Trent Frederic.
0:12 of 2nd period - Shot Misses the Net.
0:36 of 2nd period - Jacob Bryson is hit by Nicolas Meloche and loses puck.
0:40 of 2nd period - Icing by Nicolas Meloche.
0:41 of 2nd period - Adam Cracknell wins face-off versus Greg McKegg in Barracuda zone.
0:43 of 2nd period - Andy Welinski is hit by Aidan McDonough and loses puck.
1:07 of 2nd period - Icing by Aidan McDonough.
1:08 of 2nd period - Greg McKegg wins face-off versus Alex Dostie in Heat zone.
1:08 of 2nd period - Greg McKegg is hit by Graham Knott.
1:13 of 2nd period - Off-side.
1:14 of 2nd period - Brendan Warren wins face-off versus Nathan Smith in neutral zone.
1:26 of 2nd period - Shot by Mathieu Joseph.
1:26 of 2nd period - Stopped by Ken Appleby without a rebound.
1:27 of 2nd period - Alex Dostie wins face-off versus Jan Jenik in Barracuda zone.
1:27 of 2nd period - Graham Knott is hit by Brett Leason and loses puck.
1:51 of 2nd period - Scott Harrington is hit by Jesper Lindgren and loses puck.
2:44 of 2nd period - Shot by Mathieu Joseph.
2:44 of 2nd period - Deflect By Nathan Smith.
2:44 of 2nd period - Shot Misses the Net.
2:46 of 2nd period - Shot by Kyle Criscuolo.
2:46 of 2nd period - Stopped by Ken Appleby without a rebound.
2:47 of 2nd period - Greg McKegg wins face-off versus Brendan Warren in Barracuda zone.
3:42 of 2nd period - Shot by Mathieu Joseph.
3:42 of 2nd period - Stopped by Ken Appleby with a rebound.
3:44 of 2nd period - Shot by Jacob Bryson.
3:44 of 2nd period - Stopped by Ken Appleby without a rebound.
3:45 of 2nd period - John Albert wins face-off versus Adam Cracknell in Barracuda zone.
4:50 of 2nd period - Shot by Nathan Smith.
4:50 of 2nd period - Stopped by Ken Appleby without a rebound.
4:51 of 2nd period - Tyce Thompson wins face-off versus Alex Dostie in Barracuda zone.
4:51 of 2nd period - Tyce Thompson is hit by Robert Bortuzzo.
5:13 of 2nd period - Shot by Alex Dostie.
5:13 of 2nd period - Stopped by Matthew Galajda without a rebound.
5:14 of 2nd period - Brendan Warren wins face-off versus Nathan Smith in Heat zone.
5:21 of 2nd period - Shot by Brent Gates.
5:21 of 2nd period - Deflect By Alexis D'Aoust.
5:21 of 2nd period - Shot Blocked by Kevin Gravel.
5:23 of 2nd period - Shot by Brendan Warren.
5:23 of 2nd period - Shot Blocked by Jesper Lindgren.
5:25 of 2nd period - Shot by Brent Gates.
5:25 of 2nd period - Shot Blocked by Kevin Gravel.
5:33 of 2nd period - Shot by Brendan Warren.
5:33 of 2nd period - Goal by Brendan Warren - Heat : 2 - Barracuda : 1.
5:34 of 2nd period - Greg McKegg wins face-off versus Alex Dostie in neutral zone.
6:15 of 2nd period - Shot by Greg McKegg.
6:15 of 2nd period - Stopped by Ken Appleby without a rebound.
6:16 of 2nd period - Nathan Smith wins face-off versus Adam Cracknell in Barracuda zone.
6:21 of 2nd period - Shot by Kyle Criscuolo.
6:21 of 2nd period - Shot Misses the Net.
6:27 of 2nd period - Shot by Nathan Smith.
6:27 of 2nd period - Shot Misses the Net.
6:31 of 2nd period - Shot by Mathieu Joseph.
6:31 of 2nd period - Shot Misses the Net.
6:33 of 2nd period - Shot by Nathan Smith.
6:33 of 2nd period - Stopped by Ken Appleby without a rebound.
6:34 of 2nd period - Brendan Warren wins face-off versus Jan Jenik in Barracuda zone.
6:57 of 2nd period - Shot by Brendan Warren.
6:57 of 2nd period - Shot Misses the Net.
6:59 of 2nd period - Shot by Alexis D'Aoust.
6:59 of 2nd period - Deflect By Brendan Warren.
6:59 of 2nd period - Stopped by Matthew Galajda with a rebound.
7:01 of 2nd period - Shot by Julius Bergman.
7:01 of 2nd period - Goal by Julius Bergman - Heat : 2 - Barracuda : 2.
7:02 of 2nd period - Trent Frederic wins face-off versus Kyle Criscuolo in neutral zone.
7:16 of 2nd period - Icing by Matthew Phillips.
7:17 of 2nd period - Adam Cracknell wins face-off versus Greg McKegg in Barracuda zone.
7:24 of 2nd period - Shot by Matthew Phillips.
7:24 of 2nd period - Shot Misses the Net.
7:26 of 2nd period - Shot by Adam Cracknell .
7:26 of 2nd period - Stopped by Matthew Galajda without a rebound.
7:27 of 2nd period - Brendan Warren wins face-off versus Nathan Smith in Heat zone.
7:45 of 2nd period - Brent Gates is hit by Steven Oleksy.
8:00 of 2nd period - Nathan Smith is hit by Robert Bortuzzo and loses puck.
8:24 of 2nd period - Aidan McDonough is hit by Robert Bortuzzo and loses puck.
8:49 of 2nd period - Icing by Tarmo Reunanen.
8:50 of 2nd period - Adam Cracknell wins face-off versus Tyce Thompson in Heat zone.
8:51 of 2nd period - Shot by Matthew Phillips.
8:51 of 2nd period - Stopped by Matthew Galajda without a rebound.
8:52 of 2nd period - Jan Jenik wins face-off versus Matthew Phillips in Heat zone.
9:00 of 2nd period - Icing by Andy Welinski.
9:01 of 2nd period - Nathan Smith wins face-off versus Adam Cracknell in Barracuda zone.
9:31 of 2nd period - Icing by Nathan Smith.
9:32 of 2nd period - Alex Dostie wins face-off versus Nathan Smith in Heat zone.
9:37 of 2nd period - Shot by Andrei Altybarmakyan.
9:37 of 2nd period - Shot Misses the Net.
10:04 of 2nd period - Icing by Alex Dostie.
10:05 of 2nd period - Alex Dostie wins face-off versus Greg McKegg in Barracuda zone.
10:17 of 2nd period - Shot by Andrei Altybarmakyan.
10:17 of 2nd period - Stopped by Matthew Galajda without a rebound.
10:18 of 2nd period - Jan Jenik wins face-off versus Adam Cracknell in Heat zone.
10:25 of 2nd period - Shot by Matthew Phillips.
10:25 of 2nd period - Shot Misses the Net.
10:49 of 2nd period - Cole Schneider is hit by Trent Frederic and loses puck.
10:53 of 2nd period - Icing by Jesper Lindgren.
10:54 of 2nd period - Jan Jenik wins face-off versus Brendan Warren in Heat zone.
11:01 of 2nd period - Shot by Brent Gates.
11:01 of 2nd period - Stopped by Matthew Galajda without a rebound.
11:02 of 2nd period - Nathan Smith wins face-off versus Brendan Warren in Heat zone.
11:02 of 2nd period - Nathan Smith is hit by Brendan Warren.
11:10 of 2nd period - Shot by Alexis D'Aoust.
11:10 of 2nd period - Deflect By Brendan Warren.
11:10 of 2nd period - Stopped by Matthew Galajda without a rebound.
11:11 of 2nd period - Alex Dostie wins face-off versus Nathan Smith in Heat zone.
12:38 of 2nd period - Icing by Andy Welinski.
12:39 of 2nd period - Jan Jenik wins face-off versus Alex Dostie in Barracuda zone.
12:43 of 2nd period - Minor Penalty to Nicolas Meloche for Tripping.
12:44 of 2nd period - Nathan Smith wins face-off versus Adam Cracknell in Barracuda zone.
12:45 of 2nd period - Shot by Mathieu Joseph.
12:45 of 2nd period - Stopped by Ken Appleby without a rebound.
12:46 of 2nd period - Adam Cracknell wins face-off versus Nathan Smith in Barracuda zone.
12:46 of 2nd period - Adam Cracknell is hit by Nathan Smith.
13:24 of 2nd period - Shot by Kyle Criscuolo.
13:24 of 2nd period - Shot Misses the Net.
13:40 of 2nd period - Shot by Brendan Warren.
13:40 of 2nd period - Shot Misses the Net.
13:46 of 2nd period - Shot by Tyce Thompson.
13:46 of 2nd period - Stopped by Ken Appleby with a rebound.
14:08 of 2nd period - Shot by Brinson Pasichnuk.
14:08 of 2nd period - Stopped by Ken Appleby with a rebound.
14:10 of 2nd period - Shot by Greg McKegg.
14:10 of 2nd period - Shot Blocked by Adam Cracknell .
15:08 of 2nd period - Shot by Cole Schneider.
15:08 of 2nd period - Shot Misses the Net.
15:14 of 2nd period - Shot by Jan Jenik.
15:14 of 2nd period - Shot Blocked by Julius Bergman.
15:16 of 2nd period - Shot by Cole Schneider.
15:16 of 2nd period - Shot Misses the Net.
15:59 of 2nd period - Shot by Artur Kayumov.
15:59 of 2nd period - Stopped by Ken Appleby with a rebound.
16:26 of 2nd period - Shot by Greg McKegg.
16:26 of 2nd period - Stopped by Ken Appleby without a rebound.
16:27 of 2nd period - Nathan Smith wins face-off versus Alex Dostie in Barracuda zone.
16:27 of 2nd period - Nathan Smith is hit by Scott Harrington.
16:36 of 2nd period - Minor Penalty to Robert Bortuzzo for Hooking.
16:37 of 2nd period - Nathan Smith wins face-off versus Adam Cracknell in Barracuda zone.
16:56 of 2nd period - Shot by Nathan Smith.
16:56 of 2nd period - Stopped by Ken Appleby without a rebound.
16:57 of 2nd period - Adam Cracknell wins face-off versus Greg McKegg in Barracuda zone.
17:08 of 2nd period - Shot by Aidan McDonough.
17:08 of 2nd period - Stopped by Ken Appleby without a rebound.
17:09 of 2nd period - Nathan Smith wins face-off versus Adam Cracknell in Barracuda zone.
17:18 of 2nd period - Shot by Tarmo Reunanen.
17:18 of 2nd period - Stopped by Ken Appleby without a rebound.
17:19 of 2nd period - Nathan Smith wins face-off versus Adam Cracknell in Barracuda zone.
17:33 of 2nd period - Nathan Smith is hit by Nicolas Meloche and loses puck.
17:48 of 2nd period - Shot by Jacob Bryson.
17:48 of 2nd period - Stopped by Ken Appleby with a rebound.
18:40 of 2nd period - Shot by Jan Jenik.
18:40 of 2nd period - Shot Misses the Net.
18:42 of 2nd period - Shot by Jan Jenik.
18:42 of 2nd period - Goal by Jan Jenik - Heat : 3 - Barracuda : 2.
18:43 of 2nd period - Jordy Bellerive wins face-off versus Jan Jenik in neutral zone.
18:45 of 2nd period - Off-side.
18:46 of 2nd period - Brendan Warren wins face-off versus Jan Jenik in neutral zone.
19:16 of 2nd period - Shot by Alexis D'Aoust.
19:16 of 2nd period - Shot Misses the Net.
19:23 of 2nd period - Icing by Jesper Lindgren.
19:24 of 2nd period - Alex Dostie wins face-off versus Jan Jenik in Heat zone.
19:30 of 2nd period - Icing by Cole Schneider.
19:31 of 2nd period - Adam Cracknell wins face-off versus Jan Jenik in Heat zone.
19:43 of 2nd period - Icing by Kevin Gravel.
19:44 of 2nd period - Alex Dostie wins face-off versus Jan Jenik in Heat zone.
Goals for this period are 1 for Heat vs 2 for Barracuda.
Shots for this period are 17 for Heat vs 10 for Barracuda.

3rd period


0:01 of 3rd period - Adam Cracknell wins face-off versus Nathan Smith in neutral zone.
0:30 of 3rd period - Matthew Phillips is hit by Steven Oleksy and loses puck.
0:33 of 3rd period - Shot by Matthew Phillips.
0:33 of 3rd period - Stopped by Matthew Galajda with a rebound.
0:35 of 3rd period - Shot by Trent Frederic.
0:35 of 3rd period - Shot Blocked by Steven Oleksy.
0:37 of 3rd period - Shot by Adam Cracknell .
0:37 of 3rd period - Deflect By Trent Frederic.
0:37 of 3rd period - Stopped by Matthew Galajda with a rebound.
0:39 of 3rd period - Shot by Trent Frederic.
0:39 of 3rd period - Goal by Trent Frederic - Heat : 3 - Barracuda : 3.
0:40 of 3rd period - Brendan Warren wins face-off versus Greg McKegg in neutral zone.
0:46 of 3rd period - Icing by Tarmo Reunanen.
0:47 of 3rd period - Greg McKegg wins face-off versus Brendan Warren in Heat zone.
1:48 of 3rd period - Shot by Trent Frederic.
1:48 of 3rd period - Stopped by Matthew Galajda without a rebound.
1:49 of 3rd period - Alex Dostie wins face-off versus Nathan Smith in Heat zone.
2:00 of 3rd period - Shot by Alex Dostie.
2:00 of 3rd period - Shot Misses the Net.
2:02 of 3rd period - Shot by Graham Knott.
2:02 of 3rd period - Shot Blocked by Steven Oleksy.
2:11 of 3rd period - Minor Penalty to Steven Oleksy for Tripping.
2:12 of 3rd period - Adam Cracknell wins face-off versus Mathieu Joseph in Heat zone.
2:44 of 3rd period - Shot by Andy Welinski.
2:44 of 3rd period - Shot Misses the Net.
3:24 of 3rd period - Shot by Robert Bortuzzo.
3:24 of 3rd period - Stopped by Matthew Galajda without a rebound.
3:25 of 3rd period - Brendan Warren wins face-off versus Aidan McDonough in Heat zone.
3:48 of 3rd period - Shot by Brent Gates.
3:48 of 3rd period - Stopped by Matthew Galajda without a rebound.
3:49 of 3rd period - Mathieu Joseph wins face-off versus Adam Cracknell in Heat zone.
3:49 of 3rd period - Mathieu Joseph is hit by Trent Frederic.
4:42 of 3rd period - Shot by Jan Jenik.
4:42 of 3rd period - Shot Blocked by Julius Bergman.
4:44 of 3rd period - Shot by Cole Schneider.
4:44 of 3rd period - Shot Blocked by Andrei Altybarmakyan.
4:57 of 3rd period - Aidan McDonough is hit by Julius Bergman and loses puck.
5:09 of 3rd period - Aidan McDonough is hit by Bode Wilde.
5:13 of 3rd period - Shot by Aidan McDonough.
5:13 of 3rd period - Shot Blocked by Bode Wilde.
5:15 of 3rd period - Shot by Greg McKegg.
5:15 of 3rd period - Stopped by Ken Appleby without a rebound.
5:16 of 3rd period - Adam Cracknell wins face-off versus Artur Kayumov in Barracuda zone.
5:48 of 3rd period - Shot by John Albert .
5:48 of 3rd period - Stopped by Ken Appleby with a rebound.
5:50 of 3rd period - Shot by John Albert .
5:50 of 3rd period - Shot Blocked by Nicolas Meloche.
6:04 of 3rd period - Shot by Kyle Criscuolo.
6:04 of 3rd period - Stopped by Ken Appleby with a rebound.
6:25 of 3rd period - Shot by Steven Oleksy.
6:25 of 3rd period - Stopped by Ken Appleby without a rebound.
6:26 of 3rd period - Brendan Warren wins face-off versus Greg McKegg in Barracuda zone.
6:54 of 3rd period - Shot by Brinson Pasichnuk.
6:54 of 3rd period - Shot Misses the Net.
7:02 of 3rd period - Shot by Tyce Thompson.
7:02 of 3rd period - Shot Misses the Net.
7:04 of 3rd period - Shot by Tarmo Reunanen.
7:04 of 3rd period - Stopped by Ken Appleby without a rebound.
7:05 of 3rd period - Nathan Smith wins face-off versus Alex Dostie in Barracuda zone.
7:38 of 3rd period - Shot by Kyle Criscuolo.
7:38 of 3rd period - Stopped by Ken Appleby without a rebound.
7:39 of 3rd period - Jordy Bellerive wins face-off versus John Albert in Barracuda zone.
7:49 of 3rd period - Minor Penalty to Anatoly Golyshev for Interference.
7:50 of 3rd period - Tyce Thompson wins face-off versus Adam Cracknell in Barracuda zone.
8:05 of 3rd period - Shot by Tarmo Reunanen.
8:05 of 3rd period - Goal by Tarmo Reunanen - Heat : 4 - Barracuda : 3.
8:06 of 3rd period - Nathan Smith wins face-off versus Brendan Warren in neutral zone.
8:06 of 3rd period - Mathieu Joseph is hit by Brent Gates and loses puck.
8:14 of 3rd period - Minor Penalty to Robert Bortuzzo for Hooking.
8:15 of 3rd period - Adam Cracknell wins face-off versus Nathan Smith in Barracuda zone.
9:26 of 3rd period - Shot by Aidan McDonough.
9:26 of 3rd period - Stopped by Ken Appleby without a rebound.
9:27 of 3rd period - Brendan Warren wins face-off versus Greg McKegg in Barracuda zone.
10:22 of 3rd period - Shot by Cole Schneider.
10:22 of 3rd period - Shot Blocked by Graham Knott.
10:24 of 3rd period - Shot by Kevin Gravel.
10:24 of 3rd period - Shot Blocked by Bode Wilde.
10:26 of 3rd period - Shot by Brett Leason.
10:26 of 3rd period - Stopped by Ken Appleby with a rebound.
10:28 of 3rd period - Shot by Brett Leason.
10:28 of 3rd period - Shot Blocked by Bode Wilde.
10:30 of 3rd period - Shot by Kevin Gravel.
10:30 of 3rd period - Shot Misses the Net.
10:32 of 3rd period - Shot by Jesper Lindgren.
10:32 of 3rd period - Shot Blocked by Julius Bergman.
10:34 of 3rd period - Shot by Cole Schneider.
10:34 of 3rd period - Stopped by Ken Appleby without a rebound.
10:35 of 3rd period - John Albert wins face-off versus Jordy Bellerive in Barracuda zone.
10:38 of 3rd period - Shot by Egor Sokolov.
10:38 of 3rd period - Shot Misses the Net.
10:47 of 3rd period - Off-side.
10:48 of 3rd period - Nathan Smith wins face-off versus Brendan Warren in neutral zone.
10:51 of 3rd period - Shot by Mathieu Joseph.
10:51 of 3rd period - Stopped by Ken Appleby without a rebound.
10:52 of 3rd period - Nathan Smith wins face-off versus Brent Gates in Barracuda zone.
10:55 of 3rd period - Shot by Kyle Criscuolo.
10:55 of 3rd period - Stopped by Ken Appleby with a rebound.
10:57 of 3rd period - Shot by Nathan Smith.
10:57 of 3rd period - Shot Misses the Net.
10:59 of 3rd period - Shot by Nathan Smith.
10:59 of 3rd period - Stopped by Ken Appleby without a rebound.
11:00 of 3rd period - Adam Cracknell wins face-off versus Nathan Smith in Barracuda zone.
11:35 of 3rd period - Mathieu Joseph is hit by Nicolas Meloche and loses puck.
14:07 of 3rd period - Shot by Jordy Bellerive.
14:07 of 3rd period - Stopped by Matthew Galajda without a rebound.
14:08 of 3rd period - Adam Cracknell wins face-off versus Nathan Smith in Heat zone.
14:37 of 3rd period - Shot by Jacob Bryson.
14:37 of 3rd period - Stopped by Ken Appleby without a rebound.
14:38 of 3rd period - Jordy Bellerive wins face-off versus John Albert in Barracuda zone.
15:05 of 3rd period - Shot by Jordy Bellerive.
15:05 of 3rd period - Goal by Jordy Bellerive - Heat : 4 - Barracuda : 4.
15:06 of 3rd period - Adam Cracknell wins face-off versus Nathan Smith in neutral zone.
15:16 of 3rd period - Shot by Matthew Phillips.
15:16 of 3rd period - Stopped by Matthew Galajda with a rebound.
15:37 of 3rd period - Shot by Trent Frederic.
15:37 of 3rd period - Stopped by Matthew Galajda with a rebound.
15:39 of 3rd period - Shot by Matthew Phillips.
15:39 of 3rd period - Stopped by Matthew Galajda without a rebound.
15:40 of 3rd period - Greg McKegg wins face-off versus Brendan Warren in Heat zone.
15:48 of 3rd period - Icing by Nicolas Meloche.
15:49 of 3rd period - Alexis D'Aoust wins face-off versus Greg McKegg in Barracuda zone.
16:06 of 3rd period - Shot by Aidan McDonough.
16:06 of 3rd period - Shot Blocked by Andy Welinski.
16:08 of 3rd period - Shot by Greg McKegg.
16:08 of 3rd period - Stopped by Ken Appleby without a rebound.
16:09 of 3rd period - Nathan Smith wins face-off versus Adam Cracknell in Barracuda zone.
16:10 of 3rd period - Shot by Mathieu Joseph.
16:10 of 3rd period - Stopped by Ken Appleby with a rebound.
16:22 of 3rd period - Kyle Criscuolo is hit by Adam Cracknell and loses puck.
16:52 of 3rd period - Icing by Robert Bortuzzo.
16:53 of 3rd period - Adam Cracknell wins face-off versus Greg McKegg in Barracuda zone.
17:26 of 3rd period - Shot by Tyce Thompson.
17:26 of 3rd period - Stopped by Ken Appleby without a rebound.
17:27 of 3rd period - Jan Jenik wins face-off versus Alex Dostie in Barracuda zone.
17:44 of 3rd period - Shot by Andrei Altybarmakyan.
17:44 of 3rd period - Stopped by Matthew Galajda with a rebound.
17:46 of 3rd period - Shot by Alex Dostie.
17:46 of 3rd period - Stopped by Matthew Galajda without a rebound.
17:47 of 3rd period - Nathan Smith wins face-off versus Brendan Warren in Heat zone.
17:52 of 3rd period - Shot by Brent Gates.
17:52 of 3rd period - Stopped by Matthew Galajda without a rebound.
17:53 of 3rd period - Nathan Smith wins face-off versus Brendan Warren in Heat zone.
17:53 of 3rd period - Jacob Bryson is hit by Alexis D'Aoust and loses puck.
18:03 of 3rd period - Shot by Kyle Criscuolo.
18:03 of 3rd period - Stopped by Ken Appleby with a rebound.
18:05 of 3rd period - Shot by Nathan Smith.
18:05 of 3rd period - Shot Misses the Net.
18:07 of 3rd period - Shot by Kyle Criscuolo.
18:07 of 3rd period - Shot Blocked by Nicolas Meloche.
18:14 of 3rd period - Mathieu Joseph is hit by Nicolas Meloche and loses puck.
18:28 of 3rd period - Kyle Criscuolo is hit by Nicolas Meloche and loses puck.
18:35 of 3rd period - Shot by Nathan Smith.
18:35 of 3rd period - Shot Misses the Net.
18:58 of 3rd period - Tyce Thompson is hit by Andy Welinski and loses puck.
19:09 of 3rd period - Shot by Aidan McDonough.
19:09 of 3rd period - Stopped by Ken Appleby without a rebound.
19:10 of 3rd period - Adam Cracknell wins face-off versus Jan Jenik in Barracuda zone.
19:23 of 3rd period - Shot by Matthew Phillips.
19:23 of 3rd period - Shot Blocked by Kevin Gravel.
19:31 of 3rd period - Shot by Trent Frederic.
19:31 of 3rd period - Stopped by Matthew Galajda with a rebound.
19:33 of 3rd period - Shot by Trent Frederic.
19:33 of 3rd period - Stopped by Matthew Galajda without a rebound.
19:34 of 3rd period - John Albert wins face-off versus Alex Dostie in Heat zone.
19:34 of 3rd period - John Albert is hit by Graham Knott.
19:39 of 3rd period - Brinson Pasichnuk is hit by Julius Bergman and loses puck.
19:53 of 3rd period - Shot by Egor Sokolov.
19:53 of 3rd period - Shot Blocked by Julius Bergman.
19:58 of 3rd period - Minor Penalty to Egor Sokolov for High sticking.
19:59 of 3rd period - Trent Frederic wins face-off versus Mathieu Joseph in Heat zone.
Goals for this period are 1 for Heat vs 2 for Barracuda.
Shots for this period are 19 for Heat vs 16 for Barracuda.

Overtime #1


0:01 of 1st overtime period - Adam Cracknell wins face-off versus Mathieu Joseph in neutral zone.
0:38 of 1st overtime period - Shot by Adam Cracknell .
0:38 of 1st overtime period - Shot Blocked by Tarmo Reunanen.
1:06 of 1st overtime period - Shot by Brendan Warren.
1:06 of 1st overtime period - Shot Misses the Net.
1:08 of 1st overtime period - Shot by Brent Gates.
1:08 of 1st overtime period - Stopped by Matthew Galajda without a rebound.
1:09 of 1st overtime period - Alex Dostie wins face-off versus Mathieu Joseph in Heat zone.
1:22 of 1st overtime period - Shot by Adam Cracknell .
1:22 of 1st overtime period - Stopped by Matthew Galajda without a rebound.
1:23 of 1st overtime period - Adam Cracknell wins face-off versus Mathieu Joseph in Heat zone.
1:27 of 1st overtime period - Shot by Robert Bortuzzo.
1:27 of 1st overtime period - Shot Misses the Net.
1:29 of 1st overtime period - Shot by Adam Cracknell .
1:29 of 1st overtime period - Shot Blocked by Steven Oleksy.
1:37 of 1st overtime period - Shot by Trent Frederic.
1:37 of 1st overtime period - Shot Blocked by Steven Oleksy.
1:43 of 1st overtime period - Shot by Scott Harrington.
1:43 of 1st overtime period - Shot Blocked by Jacob Bryson.
2:11 of 1st overtime period - Shot by Nathan Smith.
2:11 of 1st overtime period - Shot Misses the Net.
2:53 of 1st overtime period - Shot by Fredrik Olofsson.
2:53 of 1st overtime period - Stopped by Matthew Galajda without a rebound.
2:54 of 1st overtime period - Graham Knott wins face-off versus Nathan Smith in Heat zone.
4:24 of 1st overtime period - Shot by Kyle Criscuolo.
4:24 of 1st overtime period - Shot Blocked by Scott Harrington.
4:27 of 1st overtime period - Icing by Graham Knott.
4:28 of 1st overtime period - Greg McKegg wins face-off versus Graham Knott in Barracuda zone.
4:45 of 1st overtime period - Shot by Jan Jenik.
4:45 of 1st overtime period - Shot Hit the Post.
Goals for this period are 0 for Heat vs 0 for Barracuda.
Shots for this period are 0 for Heat vs 3 for Barracuda.

ShootOut


5:00 of 1st overtime period - Round #1.
5:00 of 1st overtime period - Heat , Mathieu Joseph.
5:00 of 1st overtime period - Goal by Mathieu Joseph.
5:00 of 1st overtime period - Barracuda, Adam Cracknell .
5:00 of 1st overtime period - Stopped by Matthew Galajda.
5:00 of 1st overtime period - Round #2.
5:00 of 1st overtime period - Heat , Nathan Smith.
5:00 of 1st overtime period - Goal by Nathan Smith.
5:00 of 1st overtime period - Barracuda, Trent Frederic.
5:00 of 1st overtime period - Shot Misses the Net.
5:00 of 1st overtime period - Round #3.